 Dungeon Crawl Stone Soup version 0.23-a0-385-gb2d581486a (webtiles) character file.

2141061 MeekVeins the Rapturous (level 27, 184/184 HPs)
             Began as a Kobold Hunter on Oct 27, 2018.
             Was a Follower of Uskayaw.
             Escaped with the Orb
             ... and 4 runes on Oct 28, 2018!
             The game lasted 07:13:35 (84382 turns).

MeekVeins the Rapturous (Kobold Hunter)            Turns: 84382, Time: 07:13:35

Health: 184/184    AC: 27    Str: 21    XL:     27
Magic:  38/38      EV: 31    Int: 26    God:    Uskayaw [*.....]
Gold:   7121       SH:  0    Dex: 22    Spells: 9/42 levels left

rFire    + + .     SeeInvis +   a - +9 arbalest (velocity)
rCold    . . .     Gourm    .   (shield currently unavailable)
rNeg     . . .     Faith    +   v - +4 fire dragon scales of the Morning Star {rF++ rC- Str+2 Int+5 Stlth+}
rPois    .         Spirit   .   o - +0 mask of the Dragon {MR+ Slay+3 SInv}
rElec    +         Reflect  .   t - +2 cloak {rC+}
rCorr    .         Harm     .   U - +1 pair of gloves of the Lion {MR+ Dex+6 Stlth+}
MR       +++++                  u - +2 pair of boots {run}
Stlth    +++.......             h - amulet of faith
HPRegen  0.40/turn              i - ring of the Mage {Wiz MR++ Int+3}
MPRegen  0.26/turn              s - ring "Dolenul" {rElec MR- Str+5 Slay+3 SInv}

@: deflect missiles, quick
A: small, thin metallic scales 1, carnivore, clumsy 1, deformed body, wild magic
1, MP-powered wands
0: Orb of Zot
}: 4/15 runes: serpentine, barnacled, slimy, silver
a: Stomp, Renounce Religion


You escaped.
You worshipped Uskayaw.
Uskayaw was greatly pleased with you.
You were not hungry.

You visited 12 branches of the dungeon, and saw 58 of its levels.
You also visited: Labyrinth, Bailey, Ice Cave and Wizlab.

You collected 8728 gold pieces.
You spent 1607 gold pieces at shops.

Inventory:

Hand Weapons
 a - a +9 arbalest of velocity (weapon)
 b - a +6 quick blade of freezing
Missiles
 d - 1350 bolts (quivered)
 Z - 14 throwing nets
Armour
 o - the +0 mask of the Dragon (worn) {MR+ Slay+3 SInv}
   (You bought it in a shop on level 4 of the Dungeon)

   It affects your accuracy and damage with ranged weapons and melee attacks
   (+3).
   It affects your resistance to hostile enchantments.
   It lets you see invisible.
 t - a +2 cloak of cold resistance (worn)
 u - a +2 pair of boots of running (worn)
 v - the +4 fire dragon scales of the Morning Star (worn) {rF++ rC- Str+2 Int+5 Stlth+}
   (You took it off a vault guard on level 5 of the Vaults)

   It affects your strength (+2).
   It affects your intelligence (+5).
   It greatly protects you from fire.
   It makes you vulnerable to cold.
   It makes you more stealthy.
 U - the +1 pair of gloves of the Lion (worn) {MR+ Dex+6 Stlth+}
   (You acquired it on level 3 of the Snake Pit)

   It affects your dexterity (+6).
   It affects your resistance to hostile enchantments.
   It makes you more stealthy.
Jewellery
 c - an uncursed ring of protection from cold
 h - an amulet of faith (around neck)
 i - the ring of the Mage (left hand) {Wiz MR++ Int+3}
   (You found it on level 5 of the Dungeon)

   [ring of wizardry]

   It improves your spell success rate.
   It affects your intelligence (+3).
   It affects your resistance to hostile enchantments.
 s - the ring "Dolenul" (right hand) {rElec MR- Str+5 Slay+3 SInv}
   (You found it on level 3 of the Depths)

   [ring of see invisible]

   It affects your strength (+5).
   It affects your accuracy and damage with ranged weapons and melee attacks
   (+3).
   It insulates you from electricity.
   It affects your resistance to hostile enchantments.
   It lets you see invisible.
 G - the ring "Wuuruaxa" {rElec rN+ Str+7 Dex+4, unknown}
   (You found it on level 3 of the Realm of Zot)

   [ring of positive energy]

   It affects your strength (+7).
   It affects your dexterity (+4).
   It insulates you from electricity.
   It protects you from negative energy.
 V - the ring "Xuexin" {rPois rN+ Int+3 Dex-5 SInv}
   (You found it on level 3 of the Crypt)

   [ring of positive energy]

   It affects your intelligence (+3).
   It affects your dexterity (-5).
   It protects you from poison.
   It protects you from negative energy.
   It lets you see invisible.
Wands
 A - a wand of acid (22)
 D - a wand of digging (106)
 I - a wand of iceblast (55)
 O - a wand of clouds (9)
 P - a wand of paralysis (23)
Scrolls
 k - 2 scrolls of summoning
 n - 8 scrolls of silence
 y - 3 scrolls of fog
 B - 5 scrolls of blinking
 E - a scroll of holy word
 F - 7 scrolls of fear
 J - 3 scrolls of torment
 N - 21 scrolls of remove curse
 R - 10 scrolls of identify
 S - 11 scrolls of immolation
 T - 18 scrolls of teleportation
Potions
 f - 10 potions of agility
 g - 4 potions of invisibility
 l - 4 potions of haste
 m - 4 potions of resistance
 p - 8 potions of mutation {!q}
 r - 4 potions of berserk rage
 x - 2 potions of magic
 C - 8 potions of heal wounds
 H - 4 potions of cancellation
 K - 5 potions of brilliance
 L - 10 potions of might
 Q - 23 potions of curing
Miscellaneous
 e - 3 phantom mirrors
 w - a lightning rod (4/4)
 W - 5 sacks of spiders
 X - a phial of floods
 Y - a lamp of fire
Comestibles
 z - 110 rations


   Skills:
 - Level 22.0 Fighting
 - Level 12.0 Short Blades
 - Level 21.1 Crossbows
 + Level 18.5 Armour
 - Level 20.0 Dodging
 - Level 15.0 Stealth
 - Level 8.0 Spellcasting
 - Level 8.0 Conjurations
 - Level 4.0 Hexes
 - Level 7.0 Charms
 - Level 8.0 Summonings
 - Level 6.4 Necromancy
 - Level 5.0 Translocations
 - Level 18.0 Ice Magic
 - Level 14.0 Air Magic
 - Level 22.0 Invocations
 - Level 4.0 Evocations


You had 9 spell levels left.
You knew the following spells:

 Your Spells              Type           Power        Failure   Level  Hunger
a - Swiftness             Chrm/Air       ######..     1%          2    None
c - Freezing Cloud        Conj/Ice/Air   #######...   4%          6    ######.
e - Summon Lightning Spi  Summ/Air       ######..     1%          4    ##.....
o - Apportation           Tloc           #####.       1%          1    None
q - Portal Projectile     Hex/Tloc       #####.       3%          3    None
A - Ozocubu's Refrigerat  Ice            #######...   1%          6    ######.
B - Blink                 Tloc           N/A          1%          2    None
D - Deflect Missiles      Chrm/Air       ######....   13%         6    ######.
R - Regeneration          Chrm/Necr      ######....   1%          3    None

Your spell library contained the following spells:

 Spells                   Type           Power        Failure   Level  Hunger
 Animate Skeleton         Necr           N/A          1%          1    None
 Confusing Touch          Hex            #####.       1%          1    None
 Corona                   Hex            #####..      1%          1    None
 Flame Tongue             Conj/Fire      #####        1%          1    None
 Freeze                   Ice            ####         1%          1    None
 Magic Dart               Conj           ####         1%          1    None
 Pain                     Necr           ####         1%          1    None
 Shock                    Conj/Air       ####         1%          1    None
 Sting                    Conj/Pois      ####         1%          1    None
 Summon Butterflies       Summ           ######..     1%          1    None
 Summon Small Mammal      Summ           ####         1%          1    None
 Call Imp                 Summ           ######..     1%          2    None
 Corpse Rot               Necr           N/A          1%          2    None
 Ensorcelled Hibernation  Hex/Ice        ######       1%          2    None
 Poisonous Vapours        Pois/Air       ######       1%          2    None
 Shroud of Golubria       Chrm/Tloc      ######....   1%          2    None
 Sublimation of Blood     Necr           ######....   1%          2    None
 Throw Frost              Conj/Ice       ######       1%          2    None
 Call Canine Familiar     Summ           ######..     1%          3    None
 Mephitic Cloud           Conj/Pois/Air  ######..     1%          3    None
 Ozocubu's Armour         Chrm/Ice       #######.     1%          3    None
 Static Discharge         Conj/Air       ######..     1%          3    None
 Vampiric Draining        Necr           ######....   1%          3    None
 Summon Ice Beast         Ice/Summ       #######.     1%          4    ##.....
 Throw Icicle             Conj/Ice       #######.     1%          4    ##.....
 Slow                     Hex            #####...     2%          2    None
 Throw Flame              Conj/Fire      #####.       2%          2    None
 Dazzling Spray           Conj/Hex       ######       2%          3    None
 Summon Guardian Golem    Hex/Summ       ######..     2%          3    None
 Ice Form                 Ice/Tmut       ######..     2%          4    ##.....
 Lightning Bolt           Conj/Air       ######....   2%          5    ####...
 Metabolic Englaciation   Hex/Ice        ######....   2%          5    ####...
 Gell's Gravitas          Tloc           #####.....   3%          3    None
 Lesser Beckoning         Tloc           #####.....   3%          3    None
 Teleport Other           Tloc           #####...     3%          3    None
 Confuse                  Hex            #####...     4%          3    None
 Conjure Flame            Conj/Fire      #####...     4%          3    None
 Stone Arrow              Conj/Erth      #####.       4%          3    None
 Tukima's Dance           Hex            #####...     4%          3    None
 Animate Dead             Necr           N/A          5%          4    ##.....
 Silence                  Hex/Air        ######....   5%          5    ####...
 Bolt of Cold             Conj/Ice       #######...   5%          6    ######.
 Beastly Appendage        Tmut           ##....       7%          1    None
 Sandblast                Erth           ##....       7%          1    None
 Simulacrum               Ice/Necr       #######...   7%          6    ######.
 Inner Flame              Hex/Fire       ####....     9%          3    None
 Iskenderun's Battlesphe  Conj/Chrm      ######..     9%          5    ####...
 Bolt of Draining         Conj/Necr      ######....   10%         5    ####...
 Passwall                 Tmut/Erth      ##......     11%         2    None
 Sticks to Snakes         Tmut           ##......     11%         2    None
 Cause Fear               Hex            #####.....   12%         4    ##.....
 Sticky Flame             Conj/Fire      #####...     12%         4    ##.....
 Excruciating Wounds      Chrm/Necr      ######....   12%         5    ####...
 Summon Forest            Summ/Tloc      ######....   12%         5    ####...
 Agony                    Necr           ######..     13%         5    ####...
 Dispel Undead            Necr           ######..     13%         5    ####...
 Summon Mana Viper        Hex/Summ       ######..     16%         5    ####...
 Ignite Poison            Fire/Tmut/Pois ##......     19%         3    None
 Spider Form              Tmut/Pois      ##........   19%         3    None
 Leda's Liquefaction      Hex/Erth       ####......   26%         4    ##.....
 Fireball                 Conj/Fire      #####.....   32%         5    ####...
 Irradiate                Conj/Tmut      #####.....   32%         5    ####...
 Venom Bolt               Conj/Pois      #####.....   32%         5    ####...
 Shadow Creatures         Summ           N/A          32%         6    ######.
 Borgnjor's Vile Clutch   Necr/Erth      #####.....   38%         5    ####...
 Bolt of Magma            Conj/Fire/Erth ####......   45%         5    ####...
 Olgreb's Toxic Radiance  Pois           ##......     47%         4    ##.....
 Petrify                  Tmut/Erth      ##......     47%         4    ##.....
 Yara's Violent Unravell  Hex/Tmut       ####......   54%         5    ####...
 Alistair's Intoxication  Tmut/Pois      ##......     80%         5    ####...
 Blade Hands              Tmut           ##........   80%         5    ####...
 Lee's Rapid Deconstruct  Erth           ##........   80%         5    ####...
 Bolt of Fire             Conj/Fire      #####.....   82%         6    ######.
 Darkness                 Hex            #####.....   82%         6    ######.
 Invisibility             Hex            #####...     82%         6    ######.
 Iron Shot                Conj/Erth      #####.....   82%         6    ######.
 Poison Arrow             Conj/Pois      #####.....   82%         6    ######.
 Monstrous Menagerie      Summ           ######....   85%         7    #######
 Orb of Destruction       Conj           ######....   85%         7    #######
 Spellforged Servitor     Conj/Summ      ######....   85%         7    #######
 Summon Greater Demon     Summ           ######....   85%         7    #######
 Summon Hydra             Summ           ######....   85%         7    #######
 Malign Gateway           Summ/Tloc      ######....   95%         7    #######
 Chain Lightning          Conj/Air       ######....   98%         8    #######
 Hydra Form               Tmut           ##........   100%        6    ######.
 Statue Form              Tmut/Erth      ##.......    100%        6    ######.
 Ring of Flames           Chrm/Fire      #####.....   100%        7    #######
 Controlled Blink         Tloc           N/A          100%        8    #######
 Discord                  Hex            #####.....   100%        8    #######
 Ignition                 Fire           ##........   100%        8    #######
 Lehudib's Crystal Spear  Conj/Erth      #####.....   100%        8    #######
 Summon Horrible Things   Summ           ######....   100%        8    #######
 Fire Storm               Conj/Fire      #####.....   100%        9    #######
 Glaciate                 Conj/Ice       #######...   100%        9    #######
 Shatter                  Erth           ##........   100%        9    #######
 Tornado                  Air            #######...   100%        9    #######
 Passage of Golubria      Tloc           Unusable     N/A         4    N/A

Dungeon Overview and Level Annotations

Branches:
Dungeon (15/15)            Temple (1/1) D:5            Lair (6/6) D:11
 Shoals (4/4) Lair:2        Snake (4/4) Lair:3        Slime (5/5) Lair:5
    Orc (2/2) D:9             Elf (3/3) Orc:2        Vaults (5/5) D:13
  Crypt (3/3) Vaults:3       Tomb (0/3) Crypt:3      Depths (5/5) D:15
    Zot (5/5) Depths:5

Altars:
Ashenzari
Cheibriados
Dithmenos
Elyvilon
Fedhas
Gozag
Hepliaklqana
Kikubaaqudgha
Makhleb
Nemelex Xobeh
Okawaru
Qazlal
Ru
Sif Muna
Trog
Uskayaw
Vehumet
Wu Jian
Xom
Yredelemnul
Zin
The Shining One
Jiyva

Shops:
D:4 [   D:9 (   Orc:1 %   Orc:2 (?!%   Elf:2 *   Elf:3 %   Shoals:4 (}:
Vaults:1 *   Vaults:4 (   Depths:2 [(   Depths:3 (=

Portals:
Hell: Depths:1 Depths:2 Depths:3 Depths:4 Depths:5
Abyss: Depths:3 Depths:4
Pandemonium: Depths:3 Depths:5
Ziggurat: Depths:1
Trove: D:12 (give +7 demon trident)

Annotations:
D:13 3 runed doors, exclusion: orange crystal statue
Slime:5 Royal Jelly
Elf:2 exclusion: downstairs
Vaults:4 1 runed door, Sydeak's ghost, veteran CeHu
Depths:2 1 exclusion
Zot:3 2 transporters


Innate Abilities, Weirdness & Mutations

You are small and have problems with some larger weapons.
You are carnivorous and can eat meat at any time.
You are partially covered in thin metallic scales. (AC +2)
You are clumsy. (Dex -2)
Armour fits poorly on your strangely shaped body.
Your spells are a little harder to cast, but a little more powerful.
You expend magic power (3 MP) to strengthen your wands.


Message History

The balrug is wielding a +2 demon whip of venom.
There is a stone staircase leading up here.
You climb upwards.
There is a stone staircase leading down here.
There is a stone staircase leading up here.
You climb upwards.
There is a stone staircase leading down here.
You open the door.
There is an open door here.
There is an open door here.
You open the door.
There is an open door here.
There is a staircase leading out of the dungeon here.
Okay, then.
Okay, then.
As you read the scroll of enchant weapon, it crumbles to dust.
Your +4 quick blade of freezing glows red for a moment.
As you read the scroll of enchant weapon, it crumbles to dust.
Your +5 quick blade of freezing glows red for a moment.
You have escaped!

...........#.#####.........######
.#######.#.#............##.#
########.#.....#'######.##.#
.......#.#.##.##.# #.##.#
######'#.#..#.##.# #.##.#
.........#..#.##.# #.##.#
.........#..#.##.## #....#
..........#####...#####.####
#....#....'.....@.....+.#
#....#######.........####
'....'....###.......##
#....####.# ##.....## #....# #.#
##...## #....# #.# ##.## #(...#
#.# ### #....# #.# ###### #.#


There were no monsters in sight!

Vanquished Creatures
  the Royal Jelly (Slime:5)
  2 orbs of fire (Zot:5)
  6 ancient liches
  2 juggernauts
  Frederick (Vaults:3)
  Saint Roka (Depths:1)
  Xtahua (Vaults:2)
  3 curse toes
  A pandemonium lord (Depths:4)
  3 Killer Klowns (Zot:5)
  11 golden dragons
  A caustic shrike (Depths:3)
  Jory (Vaults:2)
  the Enchantress (Depths:2)
  A bone dragon (Crypt:3)
  The ghost of P0WERM0DE the Pandemonic, an adept DDFi of Makhleb (Zot:5)
  A Brimstone Fiend (D:15)
  19 tentacled monstrosities
  3 electric golems
  A Cloud Mage (WizLab)
  A deep elf blademaster (Elf:3)
  4 liches
  27 Orb Guardians
  5 quicksilver dragons
  A deep elf master archer (Elf:3)
  5 titans (Vaults:5)
  5 sphinxes
  20 acid blobs
  7 death cobs
  Polyphemus (Shoals:4)
  Gastronok (Lair:3)
  3 ancient champions
  2 thorn hunters (Depths:2)
  Kirke (Shoals:1)
  3 draconian monks
  10 shadow dragons
  11 storm dragons
  Donald (Crypt:2)
  10 tengu reavers
  5 azure jellies
  Roxanne (Snake:4)
  11 fire giants
  17 nagarajas
  A cacodemon (D:14)
  9 deep elf sorcerers
  2 ghost moths
  8 draconian knights
  2 iron dragons
  2 draconian scorchers
  A caustic shrike zombie (Crypt:2)
  3 balrugs
  16 vault wardens
  5 frost giants
  An angel (Depths:1)
  4 draconian shifters
  2 spriggan defenders
  12 ironheart preservers
  5 draconian stormcallers
  6 draconian annihilators
  3 deep elf elementalists
  An entropy weaver (Vaults:4)
  5 ghouls
  5 war gargoyles
  6 green draconians
  12 very ugly things
  13 deep elf demonologists
  The ghost of Azzok the Martial Artist, a journeyman DsFi of Cheibriados (Lair:5)
  15 stone giants
  4 vampire knights
  9 purple draconians
  2 minotaurs
  The ghost of skelma the Earth Mage, a journeyman GrEE of Vehumet (Orc:2)
  A dire elephant (Lair:6)
  11 black draconians
  13 yellow draconians
  10 red draconians
  5 spark wasps
  8 deep elf annihilators
  An eidolon (Crypt:2)
  15 ettins
  7 white draconians
  6 deep elf death magi
  A blizzard demon (WizLab)
  5 merfolk javelineers
  4 crystal guardians
  5 death oozes (Slime:5)
  3 jiangshi
  7 fire dragons
  9 deep elf high priests
  8 merfolk impalers
  15 yaktaur captains
  6 rakshasas
  15 great orbs of eyes
  10 hydras
  A hell beast (Zot:1)
  13 naga warriors
  35 vault guards
  4 ghost crabs (WizLab)
  A hydra (shapeshifter) (Vaults:1)
  Fannar (Orc:2)
  An alligator snapping turtle (Shoals:4)
  10 spriggan air magi
  15 ice dragons
  5 merfolk avatars
  33 two-headed ogres
  10 ogre magi
  3 catoblepae
  5 death knights
  9 centaur warriors
  7 merfolk aquamancers
  5 satyrs
  15 anacondas
  14 death yaks
  8 tengu warriors
  11 deep troll earth magi
  12 deep troll shamans
  36 dancing weapons
  4 shock serpents
  Urug (D:11)
  2 vampire magi
  6 orc high priests
  7 spriggan berserkers
  11 naga sharpshooters
  Nergalle (Lair:2)
  2 storm dragon zombies (Crypt:3)
  22 hell knights
  17 deep elf knights
  19 skeletal warriors
  A sun demon (Depths:1)
  7 shadow wraiths
  A sixfirhy (Depths:4)
  9 sea snakes
  3 unseen horrors
  4 death drakes (WizLab)
  2 golden dragon zombies
  4 flayed ghosts
  19 deep elf archers
  27 deep trolls
  7 glowing orange brains
  A kraken simulacrum (Shoals:4)
  6 phantasmal warriors
  14 ironbrand convokers
  10 naga ritualists
  21 orc knights
  7 wizards
  A shadow dragon zombie (Crypt:1)
  17 necromancers
  3 wolf spiders
  A mana viper (shapeshifter) (Vaults:5)
  2 iron dragon zombies
  4 harpies
  7 orc sorcerers
  16 mana vipers
  52 deep elf magi
  2 oklob plants (D:11)
  12 cyclopes
  40 ugly things
  6 salamanders
  A stone giant zombie (Crypt:3)
  14 fauns
  A frost giant zombie (Crypt:1)
  3 shining eyes
  A manticore (shapeshifter) (Vaults:2)
  18 elephants
  3 centaur zombies
  8 manticores
  An ice statue (IceCv)
  The ghost of glosham the Thaumaturge, a novice TeAK of Lugonu (D:6)
  9 guardian serpents
  22 moths of wrath
  A stone giant skeleton (Crypt:3)
  2 eyes of devastation
  7 merfolk sirens
  5 water nymphs
  35 black mambas
  13 vault sentinels
  22 naga magi
  3 apocalypse crabs (WizLab)
  13 spiny frogs
  An orange demon (Depths:4)
  3 gargoyles
  65 yaktaurs
  A yaktaur zombie (Depths:1)
  2 rime drakes
  21 freezing wraiths
  A redback zombie (D:15)
  An efreet (D:13)
  A yaktaur skeleton (Vaults:4)
  5 spectral swamp worms (Depths:5)
  A yaktaur (shapeshifter) (Vaults:3)
  10 komodo dragons
  An iron troll zombie (Crypt:1)
  2 tengu conjurers
  39 merfolk
  A jumping spider (Vaults:4)
  5 trolls
  An iron troll skeleton (Crypt:1)
  3 jumping spiders (shapeshifter)
  3 fire dragon zombies
  3 meliai (D:15)
  4 polar bears
  6 wind drakes
  A wolf spider simulacrum (IceCv)
  12 snapping turtles
  8 hornets
  11 dream sheep
  A tyrant leech (shapeshifter) (Depths:3)
  A bog body (Crypt:1)
  29 blink frogs
  A meliai zombie (D:15)
  2 ettin zombies
  10 hippogriffs
  54 slime creatures
  An alligator zombie (Crypt:3)
  A fire giant simulacrum (Vaults:1)
  23 flying skulls (Crypt:3)
  17 water elementals
  6 spriggans
  11 air elementals
  3 shadows
  3 redbacks (Vaults:4)
  A vampire (D:12)
  2 spriggans (shapeshifter) (Vaults:5)
  A wyvern (shapeshifter) (Depths:1)
  4 wyverns
  9 wraiths
  A hog (shapeshifter) (Vaults:2)
  4 large abominations (Depths:4)
  A human (shapeshifter) (D:15)
  A fire elemental (Elf:2)
  60 yaks
  3 hogs (Shoals:1)
  18 humans
  2 chaos spawn (Depths:4)
  A hungry ghost (D:13)
  3 basilisks
  3 vampire mosquitoes (D:15)
  42 nagas
  Edmund (D:6)
  A spiny frog zombie (Crypt:1)
  A yaktaur simulacrum (Vaults:1)
  A soldier ant (D:11)
  19 water moccasins
  Duvessa (D:6)
  5 wargs
  4 floating eyes
  2 acid dragons
  2 hell hounds (Depths:2)
  54 orc warriors
  8 porcupines
  An alligator simulacrum (IceCv)
  11 ice beasts
  4 phantoms
  2 black bears
  A black bear (shapeshifter) (Depths:1)
  An elf zombie (Vaults:1)
  9 necrophages
  3 sky beasts
  23 ogres
  18 wolves
  A boggart (Vaults:1)
  A swamp dragon skeleton (Crypt:3)
  12 centaurs
  An elf simulacrum (Vaults:1)
  11 crocodiles
  2 human zombies
  2 big kobolds
  A fire crab zombie (Crypt:2)
  Blork the orc (D:6)
  24 bullfrogs
  A draconian skeleton (Crypt:1)
  3 earth elementals
  Dowan (D:6)
  A scorpion (D:8)
  5 killer bees (D:11)
  A warg skeleton (Crypt:2)
  2 wights
  A snapping turtle simulacrum (Crypt:1)
  2 howler monkeys
  2 electric eels
  5 crimson imps
  8 small abominations (Depths:4)
  6 hounds
  A quasit (D:12)
  A bullfrog zombie (D:12)
  2 human simulacra
  3 draconian simulacra (IceCv)
  3 jellies
  3 bullfrog skeletons
  28 orc priests
  3 centaur skeletons
  Crazy Yiuf (D:6)
  Terence (D:3)
  11 orc wizards
  5 worker ants
  A troll simulacrum (IceCv)
  2 polar bear simulacra (IceCv)
  2 killer bee zombies
  3 centaur simulacra (IceCv)
  A dwarf skeleton (Crypt:2)
  A worker ant zombie (D:11)
  13 gnolls
  A howler monkey skeleton (Crypt:2)
  3 ogre simulacra (IceCv)
  8 adders
  10 naga simulacra (IceCv)
  A steam dragon skeleton (Crypt:1)
  A steam dragon zombie (Crypt:1)
  4 shadow imps
  15 white imps
  An ooze (D:5)
  An adder skeleton (D:9)
  An iguana skeleton (Crypt:1)
  3 worms (D:3)
  5 dart slugs
  An adder simulacrum (D:6)
  5 leopard geckos
  90 orcs
  A bat zombie (Crypt:2)
  7 giant cockroaches
  21 goblins
  17 hobgoblins
  5 jackals
  3 quokkas
  A ball python skeleton (Crypt:1)
  6 bats
  3 frilled lizards
  13 kobolds
  A leopard gecko simulacrum (D:6)
  5 rats
  A rat skeleton (Crypt:1)
  5 crawling corpses
  2 fungi (D:6)
  7 plants
2499 creatures vanquished.

Vanquished Creatures (collateral kills)
  A tentacled monstrosity (Zot:5)
  A deep elf blademaster (Elf:3)
  An acid blob (Slime:5)
  A shadow dragon (Vaults:5)
  An azure jelly (Slime:5)
  A draconian annihilator (Zot:1)
  A green draconian (Zot:2)
  A white draconian (Zot:2)
  2 purple draconians (Zot:5)
  A yellow draconian (Zot:2)
  2 ettins
  A great orb of eyes (Depths:2)
  A deep elf high priest (Elf:3)
  2 rakshasas
  2 two-headed ogres
  A deep elf knight (Vaults:2)
  A sun demon (Depths:1)
  A small abomination (Elf:3)
  6 skeletal warriors
  2 deep trolls
  An ironbrand convoker (Vaults:1)
  A phantasmal warrior (Crypt:1)
  A shining eye (Slime:5)
  6 ugly things
  2 black mambas (Snake:4)
  A vault sentinel (Vaults:4)
  A shock serpent skeleton (Crypt:2)
  7 yaktaurs
  An ettin zombie (Vaults:4)
  12 slime creatures
  A flying skull (Crypt:3)
  A wraith (Crypt:1)
  A golden eye (shapeshifter) (Depths:2)
  2 orc warriors
  A centaur (Depths:2)
  3 ogres
  2 wights (Crypt:1)
  4 orcs
78 creatures vanquished.

Vanquished Creatures (others)
  A vampire knight (Depths:3)
  A spriggan air mage (WizLab)
  A wizard (D:4)
  2 moths of wrath
  A black mamba (Snake:3)
  A wind drake (WizLab)
  A vampire mosquito (D:15)
  A warg (Depths:3)
  An orc (Orc:2)
  10 fungi
  22 plants
  3 tentacles (Shoals:4)
  4 toadstools (D:1)
49 creatures vanquished.

Grand Total: 2626 creatures vanquished

Notes
Turn   | Place    | Note
-------+----------+-------------------------------------------
     0 | D:1      | MeekVeins the Kobold Hunter began the quest for the Orb.
     0 | D:1      | Reached XP level 1. HP: 12/12 MP: 1/1
   187 | D:1      | Reached XP level 2. HP: 17/17 MP: 2/2
  1034 | D:1      | Reached XP level 3. HP: 21/21 MP: 3/3
  1114 | D:1      | Reached skill level 6 in Crossbows
  1802 | D:2      | Reached XP level 4. HP: 19/26 MP: 4/4
  2202 | D:2      | You fall through a shaft for 2 floors!
  2204 | D:4      | Found Guah's Armour Emporium.
  2373 | D:3      | Reached XP level 5. HP: 30/30 MP: 5/5
  2385 | D:3      | Noticed Terence
  2393 | D:3      | Killed Terence
  2906 | D:3      | Found a shadowy altar of Dithmenos.
  3085 | D:3      | Reached XP level 6. HP: 35/35 MP: 6/6
  3589 | D:2      | Found a faded altar of an unknown god.
  3823 | D:4      | Found a glowing golden altar of the Shining One.
  3826 | D:4      | Noticed an ogre
  3862 | D:4      | Found a hazy altar of Hepliaklqana.
  3997 | D:4      | Found a bloodstained altar of Trog.
  4051 | D:4      | Found a bloodstained altar of Trog.
  4053 | D:4      | Noticed a wizard
  4058 | D:4      | Killed a wizard
  4144 | D:4      | Killed an ogre
  4144 | D:4      | Reached skill level 9 in Crossbows
  4486 | D:4      | Bought the +0 mask of the Dragon {MR+ Slay+3 SInv} for 367
                  | gold pieces
  4486 | D:4      | Found the +0 mask of the Dragon {MR+ Slay+3 SInv}
  4522 | D:5      | Entered Level 5 of the Dungeon
  4525 | D:5      | Reached XP level 7. HP: 40/40 MP: 7/7
  4773 | D:5      | Found a staircase to the Ecumenical Temple.
  4783 | D:5      | Reached skill level 1 in Short Blades
  4795 | D:5      | Reached skill level 3 in Fighting
  4805 | Temple   | Entered the Ecumenical Temple
  5086 | D:5      | Reached XP level 8. HP: 46/46 MP: 8/8
  5212 | D:5      | Found the ring of the Mage {Wiz MR++ Int+3}
  5220 | D:5      | Reached skill level 3 in Short Blades
  5648 | D:6      | Found a runed gate.
  5648 | D:6      | Found a runed gate.
  5648 | D:6      | Found a runed gate.
  5754 | D:6      | Noticed Duvessa
  5754 | D:6      | Noticed Dowan
  5767 | D:6      | Killed Duvessa
  5776 | D:6      | Killed Dowan
  5860 | D:6      | Noticed Blork the orc
  5866 | D:6      | Killed Blork the orc
  5866 | D:6      | Reached skill level 6 in Fighting
  5905 | D:6      | Noticed Edmund
  5925 | D:6      | Killed Edmund
  5925 | D:6      | Reached skill level 3 in Dodging
  5926 | D:6      | Reached XP level 9. HP: 43/56 MP: 9/9
  6063 | D:6      | Noticed glosham's ghost (novice TeAK)
  6145 | D:6      | Found a hide-covered altar of Uskayaw.
  6148 | D:6      | Became a worshipper of Uskayaw the Reveler
  6619 | D:6      | Found a runed door.
  6624 | D:6      | Noticed Crazy Yiuf
  6627 | D:6      | Killed Crazy Yiuf
  6627 | D:6      | Reached * piety under Uskayaw
  6792 | D:7      | Reached ** piety under Uskayaw
  6864 | D:7      | Found a burning altar of Makhleb.
  6964 | D:7      | Reached skill level 6 in Short Blades
  7515 | D:8      | Reached skill level 6 in Dodging
  7515 | D:8      | Reached *** piety under Uskayaw
  7535 | D:8      | Found a flagged portal.
  7541 | Bailey   | Entered a bailey
  7587 | Bailey   | Reached skill level 1 in Invocations
  7731 | Bailey   | Reached **** piety under Uskayaw
  7733 | Bailey   | Reached ***** piety under Uskayaw
  7868 | Bailey   | Reached skill level 3 in Stealth
  7868 | Bailey   | Reached skill level 3 in Invocations
  7940 | Bailey   | Reached XP level 10. HP: 40/61 MP: 1/12
  8146 | Bailey   | Identified the +5 halberd of Disembowelment {chop, rN+ MR+}
  8146 | Bailey   | Noticed an orc warlord
  8449 | D:8      | Found a radiant altar of Vehumet.
  8712 | D:8      | Found an iron altar of Okawaru.
  9344 | D:9      | Found an opulent altar of Gozag.
  9377 | D:9      | Reached skill level 6 in Invocations
  9809 | D:9      | Found a staircase to the Orcish Mines.
  9846 | D:9      | Found Ustoe's Weapon Shoppe.
 10345 | D:10     | Entered Level 10 of the Dungeon
 10673 | D:10     | Reached skill level 9 in Short Blades
 10698 | D:10     | Reached XP level 11. HP: 62/68 MP: 15/15
 11278 | D:9      | Bought a +1 arbalest of velocity for 150 gold pieces
 11314 | D:11     | Noticed Urug
 11352 | D:11     | Reached skill level 9 in Dodging
 11361 | D:11     | Killed Urug
 11427 | D:11     | Noticed an oklob plant
 11471 | D:11     | Found a staircase to the Lair.
 11473 | D:11     | Noticed an oklob plant
 11616 | D:11     | Noticed a white ugly thing
 11642 | D:11     | Killed a white ugly thing
 11805 | D:11     | Noticed a two-headed ogre
 11820 | D:11     | Killed a two-headed ogre
 11820 | D:11     | Reached skill level 12 in Crossbows
 12355 | D:11     | Noticed a cyclops
 12382 | D:11     | Killed a cyclops
 12924 | D:12     | Noticed an unseen horror
 12940 | D:12     | Killed an unseen horror
 12940 | D:12     | Reached XP level 12. HP: 64/74 MP: 16/16
 12994 | D:12     | Reached skill level 6 in Stealth
 13040 | D:12     | Reached skill level 9 in Fighting
 13106 | D:12     | Noticed an unseen horror
 13125 | D:12     | Killed an unseen horror
 13199 | D:12     | Found a portal to a secret trove of treasure.
 13331 | D:12     | Noticed a two-headed ogre
 13346 | D:12     | Killed a two-headed ogre
 13557 | D:13     | Noticed a centaur warrior
 13584 | D:13     | Killed a centaur warrior
 14085 | D:13     | Found a runed door.
 14102 | D:13     | Found a runed door.
 14113 | D:13     | Found a runed door.
 14124 | D:13     | Found a runed door.
 14582 | D:12     | Reached skill level 9 in Invocations
 14681 | Orc:1    | Entered Level 1 of the Orcish Mines
 14709 | Orc:1    | Found Echo's Food Boutique.
 15053 | Orc:2    | Entered Level 2 of the Orcish Mines
 15100 | Orc:2    | Found a transporter.
 15102 | Orc:2    | Found a transporter.
 15102 | Orc:2    | Noticed a two-headed ogre
 15103 | Orc:2    | Noticed skelma's ghost (journeyman GrEE)
 15103 | Orc:2    | Noticed a two-headed ogre
 15103 | Orc:2    | Noticed a two-headed ogre
 15106 | Orc:2    | Noticed a two-headed ogre
 15167 | Orc:2    | Found a frozen archway.
 15168 | Orc:2    | Noticed an ice dragon
 15182 | Orc:2    | Reached XP level 13. HP: 63/81 MP: 20/20
 15209 | Orc:2    | Killed an ice dragon
 15373 | IceCv    | Entered an ice cave
 17253 | IceCv    | Found an ancient bone altar of Kikubaaqudgha.
 17331 | IceCv    | Reached skill level 15 in Crossbows
 18000 | Orc:1    | Noticed Fannar
 18125 | Orc:2    | Killed Fannar
 18561 | Orc:2    | Found a staircase to the Elven Halls.
 20021 | Orc:2    | Reached XP level 14. HP: 88/88 MP: 21/21
 21113 | Orc:2    | Found Yralysseotu's Food Shop.
 21113 | Orc:2    | Found Iplicrysh's Weapon Shop.
 21114 | Orc:2    | Found Koupaink's Distillery.
 21114 | Orc:2    | Found Ymuarr's Magic Scroll Boutique.
 21126 | Orc:2    | Bought a scroll of fear for 49 gold pieces
 21126 | Orc:2    | Bought a scroll of enchant armour for 105 gold pieces
 21128 | Orc:2    | Bought a potion of berserk rage for 70 gold pieces
 21128 | Orc:2    | Bought a potion of haste for 140 gold pieces
 21128 | Orc:2    | Bought a potion of degeneration for 14 gold pieces
 21128 | Orc:2    | Bought a potion of lignification for 42 gold pieces
 21262 | D:11     | Learned a level 4 spell: Summon Lightning Spire
 21450 | D:11     | Learned a level 2 spell: Blink
 21635 | Lair:1   | Entered Level 1 of the Lair of Beasts
 21666 | Lair:1   | Reached skill level 1 in Spellcasting
 21666 | Lair:1   | Reached skill level 1 in Air Magic
 21666 | Lair:1   | Reached skill level 1 in Summonings
 21756 | Lair:1   | Found a labyrinth entrance.
 21764 | Lair:1   | Found an iron altar of Okawaru.
 21810 | Lair:1   | Reached skill level 1 in Translocations
 21828 | Lab      | Entered a labyrinth
 21888 | Lab      | Noticed a minotaur
 21898 | Lab      | Killed a minotaur
 21915 | Lab      | Identified the Grimoire of Sinister Shape Shifting
 21925 | Lab      | Identified a +2 pair of boots of running (You found it in a
                  | labyrinth)
 23060 | Lair:2   | Reached skill level 3 in Air Magic
 23086 | Lair:2   | Reached skill level 3 in Summonings
 23125 | Lair:2   | Noticed Nergalle
 23148 | Lair:2   | Reached skill level 12 in Dodging
 23177 | Lair:2   | Killed Nergalle
 23450 | Lair:2   | Found a staircase to the Shoals.
 23996 | Lair:3   | Found a staircase to the Snake Pit.
 24132 | Lair:3   | Noticed Gastronok
 24174 | Lair:3   | Killed Gastronok
 24256 | Lair:3   | Reached skill level 3 in Translocations
 24270 | Lair:3   | Reached XP level 15. HP: 90/94 MP: 18/23
 24971 | Lair:3   | Reached skill level 9 in Stealth
 26359 | Lair:5   | Found a viscous altar of Jiyva.
 26372 | Lair:5   | Reached ****** piety under Uskayaw
 26434 | Lair:5   | Noticed Azzok's ghost (journeyman DsFi)
 26445 | Lair:5   | Found a staircase to the Slime Pits.
 26481 | Lair:5   | Found a runed gate.
 26481 | Lair:5   | Found a runed gate.
 26482 | Lair:5   | Found a runed gate.
 27415 | Lair:6   | Entered Level 6 of the Lair of Beasts
 27425 | Lair:6   | Reached skill level 6 in Air Magic
 27429 | Lair:6   | Reached skill level 6 in Summonings
 27430 | Lair:6   | Reached skill level 12 in Short Blades
 27474 | Lair:6   | Reached skill level 1 in Evocations
 27885 | Lair:6   | Reached skill level 12 in Invocations
 27960 | Lair:6   | Reached skill level 3 in Evocations
 28050 | Lair:6   | Reached XP level 16. HP: 74/100 MP: 5/25
 28514 | Lair:6   | Found a white marble altar of Elyvilon.
 29740 | Lair:6   | Identified the Compendium of Air
 30016 | Lair:3   | Learned a level 3 spell: Portal Projectile
 30356 | D:13     | Reached skill level 12 in Fighting
 30373 | D:13     | Found a gate to the Vaults.
 30406 | D:13     | Reached skill level 12 in Stealth
 30856 | D:14     | Reached skill level 1 in Hexes
 30959 | D:14     | Found a shattered altar of Ashenzari.
 31016 | D:15     | Entered Level 15 of the Dungeon
 31859 | D:15     | Found a stormy altar of Qazlal.
 31954 | D:15     | Reached skill level 3 in Hexes
 31960 | D:15     | Found a staircase to the Depths.
 31972 | D:15     | Reached XP level 17. HP: 86/106 MP: 8/26
 32505 | Orc:2    | Bought a potion of cancellation for 112 gold pieces
 32505 | Orc:2    | Bought 2 potions of heal wounds for 140 gold pieces
 32718 | Orc:2    | Learned a level 6 spell: Ozocubu's Refrigeration
 32843 | Snake:1  | Entered Level 1 of the Snake Pit
 33099 | Snake:1  | Reached skill level 1 in Ice Magic
 33263 | Snake:1  | Reached skill level 3 in Ice Magic
 34002 | Snake:2  | Reached skill level 18 in Crossbows
 34002 | Snake:2  | Reached skill level 6 in Ice Magic
 34445 | Snake:2  | Identified a scroll of acquirement
 34757 | Snake:2  | Reached skill level 9 in Ice Magic
 35465 | Snake:3  | Reached skill level 3 in Spellcasting
 35982 | Snake:3  | Reached skill level 12 in Ice Magic
 36328 | Snake:3  | Reached XP level 18. HP: 28/112 MP: 18/27
 36689 | Snake:3  | Identified the +1 pair of gloves of the Lion {MR+ Dex+6
                  | Stlth+} (You acquired it on level 3 of the Snake Pit)
 37450 | Shoals:1 | Entered Level 1 of the Shoals
 37660 | Shoals:1 | Identified the +1 robe of the Six Continents {Regen+ Int+4}
                  | (You found it on level 1 of the Shoals)
 37793 | Shoals:1 | Noticed Kirke
 37804 | Shoals:1 | Killed Kirke
 38253 | Shoals:2 | Reached skill level 6 in Spellcasting
 41266 | Snake:4  | Entered Level 4 of the Snake Pit
 41343 | Snake:4  | Reached skill level 1 in Armour
 41467 | Snake:4  | Found a white marble altar of Elyvilon.
 41502 | Snake:4  | Reached XP level 19. HP: 116/116 MP: 29/29
 41562 | Snake:4  | Reached skill level 3 in Armour
 43324 | Snake:4  | Reached skill level 6 in Armour
 43550 | Snake:4  | Got a serpentine rune of Zot
 43571 | Snake:4  | Reached skill level 15 in Invocations
 43680 | Snake:4  | Identified Roxanne's Almanac of the Mountains
 43680 | Snake:4  | Noticed Roxanne
 43697 | Snake:4  | Killed Roxanne
 43964 | Snake:4  | Learned a level 6 spell: Deflect Missiles
 44251 | Elf:1    | Entered Level 1 of the Elven Halls
 44419 | Elf:1    | Reached skill level 1 in Charms
 44541 | Elf:1    | Reached XP level 20. HP: 68/122 MP: 25/31
 46073 | Elf:2    | Found Kaukeutz's General Store.
 46074 | Elf:2    | Found a radiant altar of Vehumet.
 46192 | Elf:2    | Found a runed gate.
 46198 | Elf:2    | Found a runed gate.
 46198 | Elf:2    | Found a runed gate.
 46283 | Elf:2    | Found a deep blue altar of Sif Muna.
 46494 | Elf:2    | Found a deep blue altar of Sif Muna.
 47138 | Elf:2    | Reached skill level 15 in Dodging
 47142 | Elf:2    | Reached skill level 3 in Charms
 47343 | Elf:3    | Entered Level 3 of the Elven Halls
 47388 | Elf:3    | Found Wowk's Food Shoppe.
 47866 | Elf:3    | Reached skill level 9 in Air Magic
 48364 | Shoals:4 | Entered Level 4 of the Shoals
 48364 | Shoals:4 | Noticed Polyphemus
 48475 | Shoals:4 | Found Rabae's Gadget Boutique.
 48527 | Shoals:4 | Killed Polyphemus
 48868 | Shoals:4 | Reached XP level 21. HP: 90/127 MP: 33/33
 49259 | Shoals:4 | Found Bidiv's Book Shoppe.
 49374 | Shoals:4 | Got a barnacled rune of Zot
 49980 | Shoals:4 | Found the +8 mithril axe "Arga" {speed, MR+}
 50027 | Shoals:4 | Found Roukhly's Weapon Shop.
 50303 | Elf:3    | Reached skill level 6 in Charms
 51018 | Elf:3    | Identified the +1 crystal plate armour of Feasting {Regen+
                  | Stlth+}
 51278 | Elf:3    | Identified the +1 robe "Peruinec" {rCorr}
 51278 | Elf:3    | Identified the ring of Eternity {Ice +Blink}
 51742 | Elf:3    | Identified the Incunabulum of the Flamy Snowflakes
 51756 | Elf:3    | Identified the Grimoire of Hexes
 51825 | Elf:3    | Identified the Almanac of the Icy Volcanoes
 52203 | Vaults:1 | Entered Level 1 of the Vaults
 52529 | Vaults:1 | Reached skill level 18 in Dodging
 52757 | Vaults:1 | Reached XP level 22. HP: 116/133 MP: 34/34
 53426 | Vaults:1 | Found Kikho's Assorted Antiques.
 53451 | Vaults:1 | Bought a notched moonstone ring for 130 gold pieces
 54203 | Lair:5   | Killed Azzok's ghost
 54436 | D:6      | Killed glosham's ghost
 54504 | D:6      | Got the ring "Kut Sischa" {Fire}
 54505 | D:6      | Identified the ring "Kut Sischa" {Fire *Slow Str+5 Int+8}
                  | (You found it on level 6 of the Dungeon)
 54700 | Orc:2    | Killed skelma's ghost
 55192 | Vaults:2 | Reached skill level 15 in Stealth
 55748 | Vaults:2 | Noticed Xtahua
 55768 | Vaults:2 | Killed Xtahua
 56310 | Vaults:2 | Noticed Jory
 56323 | Vaults:2 | Killed Jory
 56323 | Vaults:2 | Reached XP level 23. HP: 111/140 MP: 22/35
 56802 | Vaults:3 | Found a staircase to the Crypt.
 56802 | Vaults:3 | Found an ancient bone altar of Kikubaaqudgha.
 56803 | Vaults:3 | Found a basalt altar of Yredelemnul.
 56853 | Vaults:3 | Identified the cursed +0 scale mail of Veggid {Str+3} (You
                  | found it on level 3 of the Vaults)
 57543 | Vaults:3 | Noticed Frederick
 57588 | Vaults:3 | Killed Frederick
 57655 | Vaults:3 | Identified the +4 scale mail "Gowit" {rPois Regen+ Int+4}
                  | (You found it on level 3 of the Vaults)
 58029 | Vaults:4 | Found a runed door.
 58029 | Vaults:4 | Noticed Sydeak's ghost (veteran CeHu)
 58228 | Vaults:4 | Found Deewiclak's Antique Weapon Shoppe.
 58427 | Vaults:4 | Reached skill level 12 in Air Magic
 58807 | Vaults:4 | Reached skill level 9 in Armour
 59232 | Depths:1 | Entered Level 1 of the Depths
 59262 | Depths:1 | Noticed Saint Roka
 59284 | Depths:1 | Killed Saint Roka
 59430 | Depths:1 | Reached XP level 24. HP: 104/148 MP: 35/35
 59534 | Depths:1 | Found a magical portal.
 59585 | WizLab   | Entered The Chambers of the Cloud Mage
 61080 | WizLab   | Identified Piebbem's Grimoire of Weightlessness
 61096 | WizLab   | Got a steaming granite ring
 61101 | WizLab   | Identified the ring "Astragefe" {EV+2 Int+3} (You found it
                  | in a wizard's laboratory)
 61103 | WizLab   | Identified the Incunabulum of Sinister Contamination
 61106 | WizLab   | Identified a +1 pair of boots of running (You found it in a
                  | wizard's laboratory)
 62033 | Depths:1 | Found a gateway to a ziggurat.
 62204 | Depths:1 | Found a gateway to Hell.
 62241 | Depths:1 | Identified the Collected Works on Burning Sinister Magic
 62322 | Depths:1 | Learned a level 2 spell: Swiftness
 62329 | Depths:1 | Learned a level 6 spell: Freezing Cloud
 62649 | Depths:2 | Reached skill level 15 in Fighting
 62695 | Depths:2 | Found Foamon's Antique Weapon Shop.
 62702 | Depths:2 | Found Yntoonux's Armour Shop.
 64328 | Depths:2 | Identified the +1 faerie dragon scales {rC++ rCorr Slay+2}
 64328 | Depths:2 | Noticed the Enchantress
 64341 | Depths:2 | Killed the Enchantress
 64341 | Depths:2 | Reached XP level 25. HP: 156/156 MP: 25/35
 65053 | Depths:3 | Identified the ring "Dolenul" {rElec MR- Str+5 Slay+3 SInv}
                  | (You found it on level 3 of the Depths)
 65106 | Depths:3 | Found Unloacyg's Antique Weapon Emporium.
 65112 | Depths:3 | Bought an encrusted scimitar for 288 gold pieces
 65112 | Depths:3 | Identified the +11 scimitar of Focus {flame, Dex+3} (You
                  | bought it in a shop on level 3 of the Depths)
 65846 | Depths:3 | Found a one-way gate to the infinite horrors of the Abyss.
 65923 | Depths:3 | Noticed a juggernaut
 65930 | Depths:3 | Reached skill level 12 in Armour
 65934 | Depths:3 | Identified the ring "Aczil" {*Tele +Blink rElec Int+2}
 65937 | Depths:3 | Killed a juggernaut
 65937 | Depths:3 | Reached skill level 18 in Invocations
 66176 | Depths:3 | Found a one-way gate leading to the halls of Pandemonium.
 66207 | Depths:3 | Paralysed by a floating eye for 3 turns
 66243 | Depths:3 | Noticed a caustic shrike
 66246 | Depths:3 | Killed a caustic shrike
 66423 | Depths:3 | Found Onialeto's Jewellery Emporium.
 66423 | Depths:3 | Identified the ring of Tarugor {rN+ Str+3 Int-4 Stlth-}
 67430 | Depths:4 | Reached XP level 26. HP: 70/166 MP: 29/36
 68695 | Depths:5 | Entered Level 5 of the Depths
 68917 | Depths:5 | Noticed a juggernaut
 68918 | Depths:5 | Reached skill level 18 in Fighting
 68928 | Depths:5 | Killed a juggernaut
 69644 | Depths:5 | Found a gate to the Realm of Zot.
 69651 | Depths:5 | Reached skill level 1 in Conjurations
 69790 | Depths:5 | Reached skill level 3 in Conjurations
 70636 | Vaults:5 | Entered Level 5 of the Vaults
 70655 | Vaults:5 | Noticed an ancient lich
 70663 | Vaults:5 | Killed an ancient lich
 70695 | Vaults:5 | Reached XP level 27. HP: 96/173 MP: 24/36
 70730 | Vaults:5 | Reached skill level 6 in Conjurations
 70991 | Vaults:5 | Reached skill level 15 in Ice Magic
 71098 | Vaults:5 | Identified the Disquisition on Dislocated Execration
 71104 | Vaults:5 | Identified the cursed +2 hand axe of Xiri {drain, rN++
                  | Dex+2}
 71850 | Vaults:5 | Got a silver rune of Zot
 72077 | Vaults:5 | Identified the +3 scale mail of Minor Irritation {rF-
                  | Str+5} (You found it on level 5 of the Vaults)
 72571 | Vaults:5 | Identified the +4 fire dragon scales of the Morning Star
                  | {rF++ rC- Str+2 Int+5 Stlth+} (You took it off a vault
                  | guard on level 5 of the Vaults)
 72666 | Vaults:3 | Upgraded the game from 0.23-a0-375-g66a18ee0fb to
                  | 0.23-a0-385-gb2d581486a
 72971 | Slime:1  | Entered Level 1 of the Pits of Slime
 73118 | Slime:2  | Learned a level 1 spell: Apportation
 73520 | Slime:5  | Entered Level 5 of the Pits of Slime
 73649 | Slime:5  | Found a viscous altar of Jiyva.
 73650 | Slime:5  | Noticed the Royal Jelly
 73676 | Slime:5  | Killed the Royal Jelly
 73805 | Slime:5  | Found the +4 robe of Augmentation {Str+4 Int+4 Dex+4}
 73838 | Slime:5  | Got a slimy rune of Zot
 73851 | Slime:5  | Found the cursed necklace of Bloodlust {*Rage +Rage MR++
                  | Int-3 Slay+6 *Curse}
 73857 | Slime:5  | Identified Atotiliv's Guide on Bewitchment and Shape
                  | Shifting
 73897 | Slime:5  | Identified the amulet of Ascent {Reflect rF++ rN+++ SH+2}
                  | (You found it on level 5 of the Pits of Slime)
 73924 | Slime:5  | Identified the cursed +1 scale mail of Wariness {+Inv rPois
                  | rN+ Dex-2} (You found it on level 5 of the Pits of Slime)
 73927 | Slime:5  | Identified the +3 chain mail of the Fife {rCorr Dex+2} (You
                  | found it on level 5 of the Pits of Slime)
 74380 | Crypt:1  | Entered Level 1 of the Crypt
 74387 | Crypt:1  | Reached skill level 15 in Armour
 75451 | Crypt:2  | Noticed Donald
 75457 | Crypt:2  | Killed Donald
 75932 | Crypt:3  | Entered Level 3 of the Crypt
 76653 | Crypt:3  | Found an ancient bone altar of Kikubaaqudgha.
 76653 | Crypt:3  | Noticed an ancient lich
 76663 | Crypt:3  | Killed an ancient lich
 76935 | Crypt:3  | Identified the ring "Dopymaj" {rN+ Dex+4 SInv Stlth-} (You
                  | found it on level 3 of the Crypt)
 76936 | Crypt:3  | Identified the ring "Xuexin" {rPois rN+ Int+3 Dex-5 SInv}
                  | (You found it on level 3 of the Crypt)
 76937 | Crypt:3  | Identified the ring of Dawn {+Inv rF++ rN+ Str-2} (You
                  | found it on level 3 of the Crypt)
 77021 | Crypt:3  | Found a staircase to the Tomb.
 77263 | Vaults:1 | Gained mutation: You are partially covered in thin metallic
                  | scales. (AC +2) [potion of mutation]
 77263 | Vaults:1 | Gained mutation: You occasionally shout uncontrollably at
                  | your foes. [potion of mutation]
 77263 | Vaults:1 | Gained mutation: You can translocate small distances at
                  | will. [potion of mutation]
 77264 | Vaults:1 | Lost mutation: You occasionally shout uncontrollably at
                  | your foes. [potion of mutation]
 77264 | Vaults:1 | Lost mutation: You can translocate small distances at will.
                  | [potion of mutation]
 77264 | Vaults:1 | Gained mutation: You are robust. (+10% HP) [potion of
                  | mutation]
 77264 | Vaults:1 | Gained mutation: Your spells are a little harder to cast,
                  | but a little more powerful. [potion of mutation]
 77264 | Vaults:1 | Gained mutation: You expend magic power (3 MP) to
                  | strengthen your wands. [potion of mutation]
 77738 | Zot:1    | Entered Level 1 of the Realm of Zot
 77885 | Zot:1    | Reached skill level 18 in Ice Magic
 78076 | Zot:1    | Learned a level 3 spell: Regeneration
 78107 | Zot:1    | Reached skill level 1 in Necromancy
 78554 | Zot:2    | Reached skill level 3 in Necromancy
 79390 | Zot:2    | Reached skill level 6 in Necromancy
 79686 | Zot:2    | Reached skill level 21 in Crossbows
 80279 | Zot:3    | Found a transporter.
 80344 | Zot:3    | Reached skill level 21 in Invocations
 80532 | Zot:3    | Got a scintillating glass ring
 80607 | Zot:3    | Found a transporter.
 82124 | Zot:5    | Entered Level 5 of the Realm of Zot
 82254 | Zot:5    | Found a runed door.
 82256 | Zot:5    | Noticed P0WERM0DE's ghost (adept DDFi)
 82263 | Zot:5    | Killed P0WERM0DE's ghost
 82648 | Zot:5    | Noticed an ancient lich
 82658 | Zot:5    | Killed an ancient lich
 82845 | Zot:5    | Noticed an ancient lich
 82850 | Zot:5    | Killed an ancient lich
 82850 | Zot:5    | Reached skill level 21 in Fighting
 83032 | Zot:5    | Noticed an orb of fire
 83035 | Zot:5    | Gained mutation: You are clumsy. (Dex -2) [an orb of fire]
 83038 | Zot:5    | Killed an orb of fire
 83208 | Zot:5    | Noticed an ancient lich
 83219 | Zot:5    | Killed an ancient lich
 83266 | Zot:5    | Noticed an orb of fire
 83266 | Zot:5    | Noticed an ancient lich
 83269 | Zot:5    | Killed an orb of fire
 83282 | Zot:5    | Killed an ancient lich
 83633 | Zot:5    | Reached skill level 18 in Armour
 83727 | Zot:5    | Got the Orb of Zot
 83887 | Depths:4 | Noticed Woamm the pandemonium lord
 83908 | Depths:4 | Killed Woamm the pandemonium lord
 84076 | D:14     | Lost mutation: You are robust. (+10% HP) [a cacodemon]
 84119 | D:13     | Gained mutation: Armour fits poorly on your strangely
                  | shaped body. [a cacodemon]
 84382 | D:$      | Escaped with the Orb!

Vault maps used:
D:1:      mrwooster_arrival_arrow, minmay_gold_behind_fungi
D:2:      chequers_ecumenical_altar_lobes, dk_noncrumbling_3
D:3:      cheibrodos_old_hovel, nicolae_dithmenos_shadow_blocks, uniq_terence
D:4:      marbit_many_paths, lightli_temple_of_fire, tso_metal_star,
          serial_shops, shop, first_ration, minivault_14, trog_wizard
D:5:      minmay_temple_entry_glass
D:6:      lemuel_doored_altar, serial_bayou, serial_bayou_shore_a,
          serial_bayou_pond_e, serial_bayou_pond_b, serial_bayou_pond_c,
          gammafunk_ghost_icy, grunt_ministairs_15, uniq_crazy_yiuf_cottage,
          uniq_duvessa, uniq_edmund, uniq_blork_the_orc
D:7:      bloody_makhleb
D:8:      kennysheep_little_box, lemuel_round_altar, enter_bailey_2, the_bakery
D:9:      kennysheep_mini, orc_david_3, serial_glass, glass_columns_a,
          glass_columns_a, minmay_holes
D:11:     dpeg_oklobed_lair, serial_bayou, serial_bayou_pond_e,
          serial_bayou_shore_b, serial_bayou_pond_b, serial_bayou_pond_b,
          uniq_urug
D:12:     nicolae_trove_entry_crossroad
D:13:     grunt_vaults_entry_tiered, minmay_statue_crystal_thing
D:14:     minmay_crystal_water, basic_altar
D:15:     grunt_enter_depths_magical_seal, bh_walls_and_bars,
          nicolae_qazlal_general_emergency
Temple:   nicolae_temple_god_jail
Lair:1:   lab_entry_generic, basic_altar
Lair:2:   minmay_shoals_entry_hut, uniq_nergalle
Lair:3:   minmay_snake_entry_guardpost_small, serial_bayou_lagoon_a,
          grunt_forest_small_clearings, uniq_gastronok
Lair:5:   slime_altar_1, maelrawn_ghost_labyrinth_escape, grunt_megastairs_5
Lair:6:   grunt_lair_end_beastmaster, basic_altar
Shoals:1: uniq_kirke
Shoals:2: nicolae_shoals_flooded_hall
Shoals:3: nicolae_shoals_siren_and_animal_friends
Shoals:4: shoals_end_grunt_ice, serial_shops, shop, shop, shop, uniq_polyphemus
Snake:2:  basic_stair_grate_trap
Snake:3:  hangedman_snake_sidewinding
Snake:4:  snake_hunt, basic_altar, grunt_ministairs_6, serial_bayou_pond_b,
          uniq_roxanne
Orc:1:    serial_shops, shop, mines2_lemuel, uniq_fannar
Orc:2:    st_orc_pillars, gammafunk_ghost_smash,
          portal_ice_cave_entry_animals_and_master, nicolae_orc_rich_vein
Elf:1:    hangedman_corner_corridor
Elf:2:    serial_sigils, serial_sigils_hangedman_snap,
          serial_sigils_hangedman_gnaw, serial_sigils_hangedman_scratch,
          serial_sigils_hangedman_scar, serial_sigils_hangedman_shear,
          serial_shops, nicolae_shop_window_shopping, hangedman_feature_mirror,
          hex_tiny, lemuel_blue_sif_altar
Elf:3:    minmay_elf_hall_not_hex, serial_shops, shop_statue
Vaults:1: vaults_room_large_hall, serial_ice_h, nicolae_vaults_network_quincunx,
          nicolae_vaults_big_angled_halls, st_more_cells, v_misc_30,
          nicolae_vaults_asterisk, nicolae_vaults_little_squares_6,
          vaults_dpeg_encased_lava, dpeg_vaults_monster_box, serial_shops, shop
Vaults:2: st_star, hangedman_vaults_unwind, v_alt_pattern_6,
          nicolae_vaults_network_barrier, vaults_room_fours,
          dpeg_vaults_monster_row, nicolae_vaults_asterisk,
          nicolae_vaults_circle_grid_a, vaults_room_door_hall,
          ontoclasm_vaults_ring_large, uniq_xtahua, uniq_jory
Vaults:3: nicolae_vaults_network_s, minmay_crypt_entry_necro_gods,
          hangedman_vaults_corner_blocks, nicolae_vaults_little_squares_6,
          v_pattern_5, hangedman_vaults_river_flow, v_alt_pattern_2, v_misc_25,
          grunt_vaults_trifunnel, v_misc_9, nicolae_vaults_ring_of_whatevers,
          vaults_room_stairs_pillars, ontoclasm_vaults_pinch,
          vaults_room_hallway, nicolae_vaults_gold_heap, uniq_frederick
Vaults:4: ebering_vaults_ghost_inner_flame, ontoclasm_vaults_loading_screen,
          nicolae_vaults_windows_and_doors_thing, vaults_standard_mumra_lines,
          hangedman_vaults_impose, vaults_room_pools, vaults_room_fours,
          v_misc_25, nicolae_vaults_little_squares_3, v_misc_22, v_misc_5,
          serial_shops, shop
Crypt:2:  uniq_donald
Crypt:3:  cryptofortress_bobbens
Depths:1: enter_ziggurat_b, hangedman_abyss_or_decor_stagger, serial_rivers,
          chequers_serial_rivers_micro_c, chequers_serial_rivers_small_a,
          chequers_serial_rivers_room_b, chequers_serial_rivers_marsh,
          lightli_too_deep, lightli_enter_wizlab_magi_temple,
          hangedman_abyss_or_decor_lesser_grid, minmay_strange_pillars,
          minmay_misc_feat_columns, serial_sigils_hangedman_shear,
          lemuel_nasty_fountain, uniq_saint_roka
Depths:2: grunt_forest_end_winery, hellmouth_1, kennysheep_decorative_pillar,
          minmay_shop_star
Depths:3: hangedman_spin_cycle, abyss_entry, hell_entry, pan_entry
Depths:4: evilmike_cross, hell_entry, minmay_room_of_horrors, serial_glass,
          glass_columns_a, glass_columns_b, glass_columns_b, glass_columns_a,
          glass_columns_c, glass_columns_b, glass_columns_c, glass_columns_a
Depths:5: evilmike_zot_entry_basic, pf_hell_entry_tar_river, pan_entry,
          kennysheep_pointless_box, chequers_serial_rivers_room_b,
          grunt_megastairs_2, serial_bayou_shore_b
Zot:2:    hangedman_zot_diagonal_lockstep
Zot:3:    gammafunk_its_a_trap, hangedman_zot_decor_checkerboard
Zot:4:    lemuel_baited_zot_trap
Zot:5:    ebering_ghost_reflecting_pool
Lab:      nicolae_lab_dead_adventurers, nicolae_lab_statue,
          labyrinth_skeletal_remains
Bailey:   bailey_axe_minmay_hex_keep, bailey
IceCv:    ice_cave_small_necro
WizLab:   wizlab_cloud

Skill      XL: |  1  2  3  4  5  6  7  8  9 10 11 12 13 14 15 16 17 18 19 20 21 22 23 24 25 26 27 |
---------------+----------------------------------------------------------------------------------+-----
Crossbows      | 5 6 7 8 9 10 12 13 16 17 18 21 | 21.1
Short Blades   | 2 5 6 9 10 12 | 12.0
Fighting       | 3 6 8 10 11 12 13 14 15 17 18 22 | 22.0
Dodging        | 3 7 8 10 12 14 15 18 20 | 20.0
Invocations    | 3 6 10 11 12 13 15 16 17 18 19 22 | 22.0
Stealth        | 4 5 7 8 10 12 14 15 | 15.0
Spellcasting   | 2 4 6 8 |  8.0
Air Magic      | 4 6 7 9 10 12 14 | 14.0
Summonings     | 4 6 7 8 |  8.0
Translocations | 3 4 5 |  5.0
Evocations     | 4 |  4.0
Hexes          | 3 4 |  4.0
Ice Magic      | 12 13 14 18 | 18.0
Armour         | 1 6 7 9 11 13 14 18 | 18.5
Charms         | 1 4 6 7 |  7.0
Conjurations   | 5 8 |  8.0
Necromancy     | 6 |  6.4

Action                   |  1- 3 |  4- 6 |  7- 9 | 10-12 | 13-15 | 16-18 | 19-21 | 22-24 | 25-27 || total
-------------------------+-------+-------+-------+-------+-------+-------+-------+-------+-------++-------
Melee: Short sword       |    47 |    58 |     5 |       |       |       |       |       |       ||   110
       Rapier            |       |       |   114 |   315 |   625 |   135 |    18 |     7 |    14 ||  1228
       Dagger            |       |       |       |   162 |   230 |   178 |    79 |   134 |    77 ||   860
       Quick blade       |       |       |       |       |       |       |       |       |    76 ||    76
 Fire: Hand crossbow     |    29 |   110 |   260 |   185 |       |       |       |       |       ||   584
       Arbalest          |       |       |       |   100 |   505 |   892 |   982 |  1082 |  2222 ||  5783
Throw: Throwing net      |       |       |       |       |     1 |       |       |       |       ||     1
 Cast: Blink             |       |       |       |       |    11 |     7 |    10 |    13 |    13 ||    54
       Summon Lightning  |       |       |       |       |     1 |     8 |    18 |    34 |    60 ||   121
       Portal Projectile |       |       |       |       |       |     1 |    20 |    23 |    29 ||    73
       Ozocubu's Refrige |       |       |       |       |       |     6 |     7 |     2 |       ||    15
       Deflect Missiles  |       |       |       |       |       |       |     3 |     8 |     4 ||    15
       Swiftness         |       |       |       |       |       |       |       |       |     4 ||     4
       Apportation       |       |       |       |       |       |       |       |       |    44 ||    44
       Freezing Cloud    |       |       |       |       |       |       |       |       |    24 ||    24
       Regeneration      |       |       |       |       |       |       |       |       |     6 ||     6
Invok: Line Pass         |       |       |     5 |    14 |    47 |    30 |    19 |     8 |    13 ||   136
       Stomp             |       |       |       |     3 |    16 |     4 |     4 |     2 |    10 ||    39
       Grand Finale      |       |       |       |       |       |     7 |    10 |    10 |    19 ||    46
Evoke: Wand              |       |       |     3 |     4 |    25 |    16 |    49 |     8 |    12 ||   117
       Lamp of fire      |       |       |       |       |       |     4 |     5 |     7 |     5 ||    21
       Fan of gales      |       |       |       |       |       |     1 |       |       |       ||     1
       Phial of floods   |       |       |       |       |       |       |     1 |     3 |     3 ||     7
       Phantom mirror    |       |       |       |       |       |       |       |       |     1 ||     1
  Use: Scroll            |       |       |     6 |     4 |    11 |    24 |     7 |    17 |    31 ||   100
       Potion            |       |       |     2 |       |     6 |     1 |     3 |     4 |    10 ||    26
 Stab: Sleeping          |       |     4 |       |     7 |     4 |     2 |     5 |     9 |    12 ||    43
       Paralysed         |       |       |     3 |    21 |    48 |    51 |    35 |    66 |    88 ||   312
       Confused          |       |       |       |     4 |    22 |    16 |     9 |     5 |     4 ||    60
       Distracted        |       |       |       |       |     1 |     3 |     1 |       |       ||     5
       Petrified         |       |       |       |       |       |     1 |     1 |       |       ||     2
  Eat: Chunk             |    11 |     8 |    11 |    33 |    54 |    61 |    50 |    51 |    88 ||   367
       Ration            |       |       |       |       |       |       |     3 |       |     1 ||     4
Armor: Leather armour    |    10 |    31 |     6 |       |       |       |       |       |       ||    47
       Ring mail         |       |       |    16 |   117 |   118 |   120 |    71 |     1 |       ||   443
       Fire dragon scale |       |       |       |       |       |       |       |   149 |   291 ||   440
Dodge: Dodged            |    43 |    75 |    79 |   348 |   609 |   465 |   313 |   493 |  1132 ||  3557
       Deflected         |       |       |       |       |       |       |    15 |    35 |    60 ||   110
Block: Other             |       |       |       |       |       |       |       |       |    18 ||    18

Table legend:
 A = Non-vault XP
 B = Vault XP
 C = Vault XP percentage of total XP
 D = Non-vault monster count
 E = Vault monster count
 F = Vault count percentage of total count
                 A         B        C        D         E       F
            +---------+---------+-------+---------+---------+-------
      Total |  867638 |  884717 |  50.5 |    1475 |    1063 |  41.9
            +---------+---------+-------+---------+---------+-------
        D:1 |      39 |       0 |   0.0 |      19 |       0 |   0.0
        D:2 |      64 |       0 |   0.0 |      16 |       0 |   0.0
        D:3 |     113 |      38 |  25.2 |      31 |       2 |   6.1
        D:4 |     218 |      34 |  13.5 |       7 |       1 |  12.5
        D:5 |     640 |       0 |   0.0 |      21 |       0 |   0.0
        D:6 |     193 |    1613 |  89.3 |       4 |      19 |  82.6
        D:7 |     285 |       0 |   0.0 |       3 |       0 |   0.0
        D:8 |     933 |     356 |  27.6 |      16 |       3 |  15.8
        D:9 |    1156 |      15 |   1.3 |      11 |       5 |  31.2
       D:10 |    1752 |       0 |   0.0 |      15 |       0 |   0.0
       D:11 |    2648 |    4436 |  62.6 |      19 |      15 |  44.1
       D:12 |    6321 |     394 |   5.9 |      29 |       2 |   6.5
       D:13 |    2890 |    7215 |  71.4 |      12 |      23 |  65.7
       D:14 |    3605 |       0 |   0.0 |      15 |       0 |   0.0
       D:15 |    9186 |    7695 |  45.6 |      26 |      12 |  31.6
     Lair:1 |    6013 |       0 |   0.0 |      23 |       0 |   0.0
     Lair:2 |    5342 |    1085 |  16.9 |      21 |       2 |   8.7
     Lair:3 |    6783 |    2843 |  29.5 |      25 |       5 |  16.7
     Lair:4 |    5895 |       0 |   0.0 |      28 |       0 |   0.0
     Lair:5 |   12433 |    4565 |  26.9 |      33 |       6 |  15.4
     Lair:6 |   18706 |   10391 |  35.7 |      60 |      20 |  25.0
   Shoals:1 |    3685 |    2572 |  41.1 |       8 |       4 |  33.3
   Shoals:2 |   14063 |    5547 |  28.3 |      35 |      10 |  22.2
   Shoals:3 |   15547 |    1917 |  11.0 |      33 |       4 |  10.8
   Shoals:4 |   11448 |   22708 |  66.5 |      28 |      31 |  52.5
    Snake:1 |    9964 |       0 |   0.0 |      14 |       0 |   0.0
    Snake:2 |   24482 |       0 |   0.0 |      44 |       0 |   0.0
    Snake:3 |   16947 |   12633 |  42.7 |      35 |      21 |  37.5
    Snake:4 |   16131 |   48259 |  74.9 |      29 |      55 |  65.5
    Slime:1 |    5518 |       0 |   0.0 |      10 |       0 |   0.0
    Slime:2 |    8013 |       0 |   0.0 |       9 |       0 |   0.0
    Slime:3 |    5237 |       0 |   0.0 |      22 |       0 |   0.0
    Slime:4 |    7677 |       0 |   0.0 |      12 |       0 |   0.0
    Slime:5 |    6785 |   26306 |  79.5 |       6 |      13 |  68.4
      Orc:1 |    3291 |       0 |   0.0 |      23 |       0 |   0.0
      Orc:2 |    3132 |   20949 |  87.0 |      22 |      77 |  77.8
      Elf:1 |   26861 |       0 |   0.0 |      38 |       0 |   0.0
      Elf:2 |   17215 |   26036 |  60.2 |      30 |      35 |  53.8
      Elf:3 |   13128 |   42420 |  76.4 |      19 |      31 |  62.0
   Vaults:1 |   22132 |   14860 |  40.2 |      48 |      27 |  36.0
   Vaults:2 |   30421 |   34860 |  53.4 |      61 |      37 |  37.8
   Vaults:3 |   25675 |   28671 |  52.8 |      39 |      30 |  43.5
   Vaults:4 |   15322 |   18299 |  54.4 |      27 |      35 |  56.5
   Vaults:5 |   10225 |  141163 |  93.2 |      22 |      95 |  81.2
    Crypt:1 |   27139 |       0 |   0.0 |      50 |       0 |   0.0
    Crypt:2 |   12685 |    1963 |  13.4 |      24 |       1 |   4.0
    Crypt:3 |       0 |   59255 | 100.0 |       0 |      82 | 100.0
   Depths:1 |   42010 |    7724 |  15.5 |      53 |      16 |  23.2
   Depths:2 |   33781 |   28437 |  45.7 |      50 |      29 |  36.7
   Depths:3 |     576 |   97456 |  99.4 |       2 |      86 |  97.7
   Depths:4 |   31794 |   17390 |  35.4 |      39 |      26 |  40.0
   Depths:5 |   53692 |   20880 |  28.0 |      51 |      23 |  31.1
      Zot:1 |   52125 |       0 |   0.0 |      31 |       0 |   0.0
      Zot:2 |   91510 |       0 |   0.0 |      61 |       0 |   0.0
      Zot:3 |   49212 |       0 |   0.0 |      26 |       0 |   0.0
      Zot:4 |   40653 |       0 |   0.0 |      24 |       0 |   0.0
      Zot:5 |   34347 |  136491 |  79.9 |      16 |      37 |  69.8
        Lab |       0 |    1254 | 100.0 |       0 |       1 | 100.0
     Bailey |       0 |    1692 | 100.0 |       0 |      58 | 100.0
      IceCv |       0 |    6524 | 100.0 |       0 |      54 | 100.0
     WizLab |       0 |   17771 | 100.0 |       0 |      30 | 100.0
            +---------+---------+-------+---------+---------+-------
